 Dungeon Crawl Stone Soup version 0.29-a0-321-gf1c400731a (webtiles) character file.

Game seed: 18291687096384431564

26 Flugslaktarn the Stinger (level 3, -3/24 HPs)
             Began as a Human Venom Mage on Apr 3, 2022.
             Slain by Sigmund
             ... wielding a +0 scythe
              (5 damage)
             ... on level 2 of the Dungeon.
             The game lasted 00:01:41 (254 turns).

Flugslaktarn the Stinger (Human Venom Mage)          Turns: 254, Time: 00:01:42

Health: -3/24      AC:  2    Str:  8    XL:     3   Next: 22%
Magic:  3/6        EV: 27    Int: 17    God:
Gold:   25         SH:  0    Dex: 13    Spells: 5/6 levels left

rFire   . . .      SeeInvis .   e - +0 spear
rCold   . . .      Faith    .   (no shield)
rNeg    . . .      Spirit   .   a - +0 robe
rPois   .          Reflect  .   (no helmet)
rElec   .          Harm     .   (no cloak)
rCorr   .          Rampage  .   (no gloves)
Will    .....                   (no boots)
Stlth   ++........              f - amulet of the acrobat
HPRegen 0.08/turn               (no ring)
MPRegen 0.10/turn               (no ring)

@: acrobatic
A: no striking features
a: no special abilities


You were on level 2 of the Dungeon.
You visited 1 branch of the dungeon, and saw 2 of its levels.

You collected 25 gold pieces.

Inventory:

Hand Weapons
 d - a +0 war axe
   (You found it on level 1 of the Dungeon)
 e - a +0 spear (weapon)
   (You found it on level 1 of the Dungeon)
Armour
 a - a +0 robe (worn)
Jewellery
 f - an amulet of the acrobat (around neck)
   (You found it on level 1 of the Dungeon)
Scrolls
 r - 2 scrolls of identify
Potions
 g - 2 potions of attraction


   Skills:
 - Level 2.0 Dodging
 - Level 2.0 Stealth
 - Level 2.0 Spellcasting
 - Level 2.0 Transmutations
 + Level 3.7 Poison Magic


You had 5 spell levels left.
You knew the following spells:

 Your Spells              Type           Power      Damage    Failure   Level
a - Sting                 Tmut/Pois      44%        1d5       6%          1

Your spell library contained the following spells:

 Spells                   Type           Power      Damage    Failure   Level
 Poisonous Vapours        Pois/Air       16%        N/A       14%         2
 Mephitic Cloud           Conj/Pois/Air  5%         N/A       34%         3
 Olgreb's Toxic Radiance  Pois           14%        N/A       38%         4


Dungeon Overview and Level Annotations

Branches:
Dungeon (2/15)

Altars:

Annotations:
D:2 Sigmund


Message History

You are frozen.
You hit the endoplasm.
You kill the endoplasm!
You now have 25 gold pieces (gained 13).
A goblin comes into view. It is wielding a +0 dagger.
You see here 2 blue potions.
g - 2 blue potions
Found 4 poisoned darts.
A bat comes into view.
Casting: Sting (safe; 8% risk of failure)
Confirm with . or Enter, or press ? or * to list all spells.
Aiming: Sting (safe; 8% risk of failure)
Press: ? - help, Shift-Dir - straight line, f - bat
Aim: a bat (52% to hit)
The sting hits the bat.
The bat is poisoned.
The bat is severely wounded.
You kill the bat!
Found 9 gold pieces.
An adder comes into view.
Casting: Sting (safe; 8% risk of failure)
Confirm with . or Enter, or press ? or * to list all spells.
You can't see any susceptible monsters within range! (Use Z to cast anyway.) Unknown command.
The adder hisses angrily.
Casting: Sting (safe; 8% risk of failure)
Confirm with . or Enter, or press ? or * to list all spells.
You can't see any susceptible monsters within range! (Use Z to cast anyway.)
Casting: Sting (safe; 8% risk of failure)
Confirm with . or Enter, or press ? or * to list all spells.
Aiming: Sting (safe; 8% risk of failure)
Press: ? - help, Shift-Dir - straight line, f - adder
Aim: an adder (48% to hit)
The sting hits the adder.
The adder is poisoned.
The adder is moderately wounded.
Casting: Sting (safe; 8% risk of failure)
Confirm with . or Enter, or press ? or * to list all spells.
Aiming: Sting (safe; 8% risk of failure)
Press: ? - help, Shift-Dir - straight line, f/p - adder
Aim: an adder (moderately wounded, poisoned, 48% to hit)
The sting hits the adder.
The adder looks even sicker.
The adder is severely wounded.
Casting: Sting (safe; 8% risk of failure)
Confirm with . or Enter, or press ? or * to list all spells.
Aiming: Sting (safe; 8% risk of failure)
Press: ? - help, Shift-Dir - straight line, f/p - adder
Aim: an adder (severely wounded, very poisoned, 48% to hit)
The sting hits the adder.
The adder looks even sicker.
The adder is almost dead.
You kill the adder!
You have reached level 3!
Your experience leads to an increase in your attributes!
Increase (S)trength, (I)ntelligence, or (D)exterity?
You feel clever. x2
Sigmund the Dreaded comes into view.
He is wielding a +0 scythe.
Sigmund casts a spell at you.
You are confused.
You're too confused to move!
You feel less confused.
Okay, then.
Unknown command.
Magic courses through your body.
Casting: Sting (safe; 6% risk of failure)
Confirm with . or Enter, or press ? or * to list all spells.
Aiming: Sting (safe; 6% risk of failure)
Press: ? - help, Shift-Dir - straight line, f - Sigmund
Aim: Sigmund, wielding a +0 scythe and wearing a +0 robe (68% to hit)
The sting misses Sigmund.
Sigmund hits you from afar with a +0 scythe!
Ouch! That really hurt!
* * * LOW HITPOINT WARNING * * *
Casting: Sting (safe; 6% risk of failure)
Confirm with . or Enter, or press ? or * to list all spells.
Aiming: Sting (safe; 6% risk of failure)
Press: ? - help, Shift-Dir - straight line, f/p - Sigmund
Aim: Sigmund, wielding a +0 scythe and wearing a +0 robe (68% to hit)
The sting hits Sigmund.
Sigmund is poisoned.
Sigmund is lightly wounded.
Unknown command.
As you read the scroll labelled RONWUR LIULUAT, it crumbles to dust.
It is a scroll of identify.
g - 2 potions of attraction;
r - 2 scrolls of identify Sigmund hits you but does no damage.
Casting: Sting (safe; 6% risk of failure)
Confirm with . or Enter, or press ? or * to list all spells.
Aiming: Sting (safe; 6% risk of failure)
Press: ? - help, Shift-Dir - straight line, f/p - Sigmund
Aim: Sigmund, wielding a +0 scythe and wearing a +0 robe (moderately wounded, poisoned, 68% to hit)
The sting hits Sigmund.
Sigmund looks even sicker.
Sigmund is moderately wounded.
Sigmund says, "Don't worry, I'll kill you fast."
Sigmund closely misses you.
Casting: Sting (safe; 6% risk of failure)
Confirm with . or Enter, or press ? or * to list all spells.
Aiming: Sting (safe; 6% risk of failure)
Press: ? - help, Shift-Dir - straight line, f/p - Sigmund
Aim: Sigmund, wielding a +0 scythe and wearing a +0 robe (moderately wounded, very poisoned, 68% to hit)
The sting misses Sigmund.
Unknown command.
Sigmund hits you from afar with a +0 scythe.
You die...

#.##...# #......+
#..'...# #......#
####...# #......# #...#
#......# #...# #......#
#...# #......#
##...########......#
#..........##......####.
#..........@...........g
#.......................
#........@..............
#.......................
#.......................
#...(...................
##.......................
#...........#############
#...........#


You could see Sigmund (poisoned).

Vanquished Creatures
  2 adders (D:2)
  2 bats
  An endoplasm (D:2)
  A giant cockroach (D:1)
  A quokka (D:1)
  A ball python (D:2)
  A frilled lizard (D:1)
9 creatures vanquished.

Notes
Turn   | Place    | Note
-------+----------+-------------------------------------------
     0 | D:1      | Flugslaktarn the Human Venom Mage began the quest for the
                  | Orb.
     0 | D:1      | Reached XP level 1. HP: 13/13 MP: 3/3
   145 | D:2      | Reached XP level 2. HP: 5/19 MP: 0/5
   224 | D:2      | Reached XP level 3. HP: 11/24 MP: 0/6
   232 | D:2      | Noticed Sigmund
   246 | D:2      | HP: 1/24 [Sigmund/+0 scythe (12)]
   254 | D:2      | Slain by Sigmund

Illustrated notes

Levels and vault maps discovered:
D:1:      tarquinn_simple_flora_water_d, layout_loops_cross
D:2:      layout_basic, basic_altar, uniq_crazy_yiuf_cottage, uniq_sigmund

Skill      XL: |  1 |
---------------+----+-----
Transmutations | 2 |  2.0
Dodging        | |  2.0
Stealth        | |  2.0
Spellcasting   | |  2.0
Poison Magic   | |  3.7

Action                   || total
-------------------------++-------
Melee: Spear             ||     2
       War axe           ||     1
 Cast: Sting             ||    19
  Use: Scroll            ||     1
       Potion            ||     1
Armor: Robe              ||     3
Dodge: Dodged            ||     9

Table legend: (Time is in decaauts)
 A = Elapsed time spent in this place.
 B = Non-inter-level travel time spent in this place.
 C = Inter-level travel time spent in this place.
 D = Time resting spent in this place.
 E = Time spent auto-exploring this place.
 F = Levels seen in this place.
 G = Mean time per level.
                   A        B        C        D        E       F      G
               +--------+--------+--------+--------+--------+-----+--------+
         Total |    253 |    253 |      0 |      0 |      0 |   2 |  126.5 |
       Dungeon |    253 |    253 |      0 |      0 |      0 |   2 |  126.5 |
               +--------+--------+--------+--------+--------+-----+--------+

Top non-repeatable levels by time:
     D:2: 150 daAuts
     D:1: 103 daAuts
